 Dungeon Crawl Stone Soup version 0.31.0-10-gcf4a605ca0 (webtiles) character file.

Game seed: 12972670457994941179

32 Flugkiller the Ruffian (level 3, -2/33 HPs)
             Began as a Troll Enchanter on Jan 25, 2024.
             Slain by a goblin
             ... wielding a +0 dagger
             ... led by Robin
              (3 damage)
             ... on level 2 of the Dungeon.
             The game lasted 00:00:52 (800 turns).

Flugkiller the Ruffian (Troll Enchanter)             Turns: 800, Time: 00:00:53

Health: -2/33      AC:  4    Str: 18    XL:     3   Next: 10%
Magic:  3/3        EV:  9    Int: 11    God:
Gold:   74         SH:  0    Dex: 10    Spells: 4/4 levels left

rFire   . .          .
                       - Unarmed
rCold   . . .        (no shield)
rNeg    + . .        b - +0 robe
rPois   .            (helmet restricted)
rElec   .            (no cloak)
rCorr   .            (gloves unavailable)
SInv    .            (boots unavailable)
Will    .....        (no amulet)
Stlth   ++           c - ring of positive energy
HPRegen 1.05/turn    (no ring)
MPRegen 0.08/turn

%: no passive effects
@: no status effects
A: large, unfitting armour, claws 3, regeneration 1, shaggy fur 1, tough skin 1
a: no special abilities


You were on level 2 of the Dungeon.
You visited 1 branch of the dungeon, and saw 2 of its levels.

You collected 74 gold pieces.

Inventory:

Armour
 b - a +0 robe (worn)
Jewellery
 c - a ring of positive energy (left claw)
   (You found it on level 2 of the Dungeon)
Talismans
 a - a storm talisman
   (You found it on level 1 of the Dungeon)


   Skills:
 + Level 1.1 Fighting
 - Level 0.7 Short Blades
 - Level 1.5 Dodging
 - Level 1.5 Stealth
 * Level 2.2 Unarmed Combat
 - Level 1.2 Spellcasting
 - Level 2.0 Hexes


You had 4 spell levels left.
You didn't know any spells.
Your spell library contained the following spells:

 Spells                   Type           Power      Damage    Failure   Level
 Ensorcelled Hibernation  Hex/Ice        4%         N/A       32%         2
 Confusing Touch          Hex            5%         N/A       38%         3
 Tukima's Dance           Hex            5%         N/A       38%         3
 Dazzling Flash           Conj/Hex       4%         N/A       54%         3


Dungeon Overview and Level Annotations

Branches:
Dungeon (2/15) Zot: 11201

Altars:
Trog

Shops:
D:1 (   D:2 *

Annotations:
D:2 Robin


Innate Abilities, Weirdness & Mutations

You are too large for most types of armour.
You have claws for hands.
Your natural rate of healing is unusually fast.
You are covered in fur. (AC +1)
You have tough skin. (AC +1)


Message History

You are caught in a web!
There is a web here.
You are caught in a web!
You are caught in a web!
You are caught in a web!
You are caught in a web!
You are caught in a web!
You are caught in a web!
You are caught in a web!
The web tears apart.
You scratch the ribbon worm.
The ribbon worm is lightly wounded.
The ribbon worm expels a string of sticky webbing.
The stream of webbing misses you.
You claw the ribbon worm!
The ribbon worm is heavily wounded.
The ribbon worm closely misses you.
You claw the ribbon worm!
The ribbon worm is almost dead.
You barely miss the ribbon worm.
The ribbon worm is almost dead.
The ribbon worm bites you.
You claw the ribbon worm!
You kill the ribbon worm!
You have reached level 3!
Your experience leads to an increase in your attributes!
Increase (S)trength, (I)ntelligence, or (D)exterity?
You feel stronger. x3
Found a leather armour. 2 goblins come into view.
There are monsters nearby!
There are monsters nearby! 2 goblins come into view.
The goblin shouts! x2; You hear a shout!
Robin of the Strong Arm comes into view.
They are wielding a +0 club.
The goblin unwields a +0 dagger.
The goblin wields a +0 sling.
The goblin shoots a sling bullet.
The sling bullet barely misses you. 3 goblins come into view.
The goblin shouts! x2; You hear a shout! x2
A hobgoblin comes into view.
A goblin comes into view.
It is wielding a +0 club. 2 goblins and a hobgoblin come into view.
Robin shouts!
The goblin shouts! x3
The goblin shoots a sling bullet.
The sling bullet hits you but does no damage.
The goblin shouts!
Robin throws the goblin at you! The goblin hits you but does no damage.
The goblin hits you but does no damage. The goblin attacks as it pursues you!
The goblin barely misses you.
Robin roars a battlecry!
The goblins go into a battle-frenzy!
Robin throws the goblin at you!
You barely miss the goblin. The goblin hits you but does no damage.
The goblin hits you with a +0 club.
You closely miss the goblin. The goblin closely misses you.
The goblin hits you with a +0 club. The goblin closely misses you.
You closely miss the goblin. The goblin completely misses you.
The goblin hits you with a +0 club. x2; The goblin barely misses you.
You scratch the goblin.
The goblin is moderately wounded.
The goblin hits you with a +0 dagger.
The goblin unwields a +0 sling.
The goblin wields a +0 dagger.
The goblin hits you but does no damage. The goblin barely misses you.
The goblin hits you but does no damage. The goblin hits you with a +0 dagger.
You claw the goblin!
You kill the goblin!
The goblin hits you with a +0 dagger.
The goblin hits you but does no damage. x2
You scratch the goblin but do no damage.
The goblin closely misses you. The goblin barely misses you.
The goblin closely misses you. The goblin hits you but does no damage.
The goblin hits you with a +0 club.
Robin says, "Duck!"
You scratch the goblin.
You kill the goblin!
The goblin hits you but does no damage. The goblin hits you with a +0 club.
You completely miss the goblin. The goblin closely misses you.
The goblin hits you but does no damage. The goblin barely misses you.
The goblin hits you with a +0 club.
* * * LOW HITPOINT WARNING * * *
The goblin barely misses you.
You closely miss the goblin. The goblin hits you but does no damage.
The goblin hits you with a +0 dagger.
* * * LOW HITPOINT WARNING * * *
The goblin barely misses you. The goblin hits you with a +0 club.
* * * LOW HITPOINT WARNING * * *
The goblin closely misses you.
Unknown command.
You aren't carrying any potions.
You aren't carrying any potions.
Unknown command.
You aren't carrying any scrolls.
Unknown command.
You closely miss the goblin. The goblin hits you with a +0 dagger.
* * * LOW HITPOINT WARNING * * *
The goblin closely misses you. The goblin hits you but does no damage.
You scratch the goblin but do no damage.
The goblin hits you but does no damage. The goblin hits you with a +0 club.
* * * LOW HITPOINT WARNING * * *
The goblin hits you with a +0 dagger.
You die...

#..........................
#.[.............###........
#...............# #........
#............... #....)...
##............#.# #######.#
##......_...# .. #.#
##..#.gggg## #.######.#
#####.##.gggg######..>..##<#
#........gg@g.....?....)...#
#.
#?.##....#############...<..
#.# #.....### ########.....
..######..######
............# ...
###>....... ...........#
#.##...#####.. ###..........
#..#...##... ........?....
#.......... #.........#
#..#.####.# #..........


You could see Robin, 2 hobgoblins and 8 goblins.

Vanquished Creatures
  A ribbon worm (D:2)
  A giant cockroach (D:2)
  5 goblins
  4 hobgoblins (D:1)
  4 jackals (D:1)
  2 quokkas
  3 ball pythons
  A frilled lizard (D:1)
  5 kobolds
26 creatures vanquished.

Notes
Turn   | Place    | Note
-------+----------+-------------------------------------------
     0 | D:1      | Flugkiller the Troll Enchanter began the quest for the Orb.
     0 | D:1      | Reached XP level 1. HP: 16/16 MP: 1/1
   104 | D:1      | Reached skill level 1 in Unarmed Combat
   175 | D:1      | Reached XP level 2. HP: 26/26 MP: 2/2
   360 | D:1      | Found Xyshras's Weapon Boutique.
   423 | D:1      | Found a faded altar of an unknown god.
   635 | D:2      | Found Huop's Assorted Antiques.
   642 | D:2      | Reached skill level 1 in Fighting
   769 | D:2      | Found a bloodstained altar of Trog.
   780 | D:2      | Reached XP level 3. HP: 28/33 MP: 3/3
   782 | D:2      | Noticed Robin
   799 | D:2      | HP: 1/33 [goblin/+0 dagger[Robin] (3)]
   800 | D:2      | Slain by a goblin

Illustrated notes

Levels and vault maps discovered:
D:1:      minmay_arrival_wavy_path, layout_basic, serial_shops, shop,
          shapermc_ecumenical_altar_mp_ritualfount, chequers_jeans,
          minmay_tall_x
D:2:      layout_rooms, serial_shops, nicolae_square_shop, basic_altar,
          patterned_corridor, uniq_robin

Skill      XL: |  1  2 |
---------------+-------+-----
Unarmed Combat | 1 2 |  2.2
Fighting       | 1 |  1.1
Short Blades   | |  0.7
Dodging        | |  1.5
Stealth        | |  1.5
Spellcasting   | |  1.2
Hexes          | |  2.0

Action                     || total
---------------------------++-------
  Melee: Unarmed           ||    81
   Stab: Sleeping          ||     3
 Armour: Robe              ||    91
  Dodge: Dodged            ||    49
